 Dungeon Crawl Stone Soup version 0.27.1-33-g824d729ab1 (webtiles) character file.

Game seed: 3110533079258258381

169 razz0 the Skirmisher (level 5, -2/43 HPs)
             Began as a Formicid Abyssal Knight on Dec 3, 2021.
             Was a Believer of Lugonu.
             Slain by a centaur (8 damage)
             ... on level 5 of the Dungeon.
             The game lasted 00:30:59 (5403 turns).

razz0 the Skirmisher (Formicid Abyssal Knight)      Turns: 5403, Time: 00:30:59

Health: -2/43      AC:  5    Str: 16 (17) XL:     5   Next: 79%
Magic:  6/6        EV: 11    Int: 11 (12) God:    Lugonu [**....]
Gold:   224        SH:  0    Dex: 16      Spells: 4/4 levels left

rFire    . . .     SeeInvis +   a - +2 hand axe (vorpal)
rCold    . . .     Faith    .   (no shield)
rNeg     . . .     Spirit   .   i - +0 ring mail
rPois    .         Reflect  .   (helmet unavailable)
rElec    .         Harm     .   (no cloak)
rCorr    .         Rampage  .   (no gloves)
Will     .....                  (no boots)
Stlth    +.........             (no amulet)
HPRegen  0.14/turn              j - +6 ring of dexterity
MPRegen  0.10/turn              (no ring)

@: no status effects
A: permanent stasis, dig shafts and tunnels, antennae 3, four strong arms
a: Dig, Shaft Self, Renounce Religion, Depart the Abyss, Bend Space


You were on level 5 of the Dungeon.
You worshipped Lugonu.
Lugonu was pleased with you.
You visited 1 branch of the dungeon, and saw 5 of its levels.
You visited the Abyss 1 time.

You collected 224 gold pieces.

Inventory:

Hand Weapons
 a - a +2 vorpal hand axe (weapon)
Missiles
 f - 9 poisoned darts (quivered)
 h - 2 boomerangs
Armour
 b - a +0 leather armour
 e - a +0 chain mail
 i - a +0 ring mail (worn)
Jewellery
 j - a +6 ring of dexterity (left hand)
Scrolls
 c - a scroll of holy word {unknown}
 d - 2 scrolls of identify
 g - a scroll of enchant armour {unknown}


   Skills:
 * Level 4.7 Fighting
 * Level 3.1 Axes
 + Level 3.3 Armour
 + Level 1.7 Dodging
 + Level 1.2 Stealth
 + Level 2.3 Invocations


You had 4 spell levels left.
You didn't know any spells.
Your spell library contained the following spells:

 Spells                   Type           Power      Damage    Failure   Level
 Animate Skeleton         Necr           0%         N/A       54%         1
 Apportation              Tloc           0%         N/A       54%         1
 Corona                   Hex            0%         N/A       54%         1
 Summon Small Mammal      Summ           0%         N/A       54%         1
 Ignite Poison            Fire/Tmut/Pois 0%         N/A       89%         3
 Mephitic Cloud           Conj/Pois/Air  0%         N/A       89%         3
 Bolt of Magma            Conj/Fire/Erth 0%         4d4       100%        5


Dungeon Overview and Level Annotations

Branches:
Dungeon (5/15)
 Temple: D:4-7

Altars:
Fedhas
Nemelex Xobeh
Qazlal
Sif Muna
Trog
Uskayaw
Vehumet
Yredelemnul

Annotations:
D:3 1 runed translucent door, McKennaii's ghost, amateur DgWr
D:4 2 transporters


Innate Abilities, Weirdness & Mutations

You cannot be hasted, slowed, berserked, paralysed or teleported.
You can dig through walls and to a lower floor.
You have a pair of large antennae on your head. (SInv)
Your four strong arms can wield two-handed weapons with a shield.


Message History

Lugonu accepts your kill.
You see here a quokka corpse.
A centaur comes into view. It is wielding a +0 quarterstaff.
Found a stone staircase leading up.
The centaur shouts!
The centaur unwields a +0 quarterstaff.
The centaur wields a +0 shortbow.
The centaur shoots an arrow.
The arrow barely misses you.
Press: ? - help, v - describe, . - travel
Here: a centaur, wielding a +0 shortbow and quivering arrows The floor.
Unknown command.
Unknown command.
Unknown command.
The centaur shoots an arrow.
The arrow hits you.
The centaur shoots an arrow.
The arrow hits you.
The centaur shoots an arrow.
The arrow hits you but does no damage.
The centaur unwields a +0 shortbow.
The centaur wields a +0 quarterstaff.
The centaur hits you with a +0 quarterstaff.
The centaur completely misses you.
The centaur hits you with a +0 quarterstaff.
The centaur kicks you.
There is a stone staircase leading up, spattered with blood here.
You hit the centaur.
The centaur is lightly wounded.
The centaur hits you with a +0 quarterstaff!
* * * LOW HITPOINT WARNING * * *
The centaur kicks you.
* * * LOW HITPOINT WARNING * * *
It was a potion of cancellation.
You feel magically purged. The centaur misses you.
The centaur barely misses you.
The centaur hits you with a +0 quarterstaff.
* * * LOW HITPOINT WARNING * * *
The centaur closely misses you.
Okay, then.
Unknown command.
Unknown command.
Okay, then.
Unknown command.
The centaur hits you with a +0 quarterstaff!
You die...

... ..## . ##..## ..
#.... #.###...# #.
.......# #. #..#.###
#.c..###.# #.. ....
#.@.....####..# ##
#...###....#...###.
...#...####.#.......#.
#..........# #.......
#########..######....
#...†........
#..............
#..[...........
.............<...


You could see a centaur.

Vanquished Creatures
  7 adders
  A worm (D:3)
  3 dart slugs
  5 orcs
  3 bats
  4 endoplasms
  7 giant cockroaches
  10 goblins
  3 hobgoblins
  12 jackals
  7 quokkas
  6 ball pythons
  6 frilled lizards
  7 kobolds
  6 rats
87 creatures vanquished.

Vanquished Creatures (others)
  A frilled lizard (D:2)
  4 fungi (D:4)
  A plant (D:4)
6 creatures vanquished.

Grand Total: 93 creatures vanquished

Notes
Turn   | Place    | Note
-------+----------+-------------------------------------------
     0 | Abyss:1  | razz0 the Formicid Abyssal Knight began the quest for the
                  | Orb.
     0 | Abyss:1  | Reached XP level 1. HP: 18/18 MP: 2/2
   105 | Abyss:1  | Noticed an ancient zyme
   107 | D:1      | Escaped the Abyss
   233 | D:1      | Reached XP level 2. HP: 20/24 MP: 3/3
   244 | D:1      | Reached * piety under Lugonu
   776 | D:1      | Reached skill level 1 in Dodging
  1191 | D:1      | Reached XP level 3. HP: 23/30 MP: 4/4
  1535 | D:1      | Found a faded altar of an unknown god.
  1726 | D:1      | Reached skill level 4 in Fighting
  2372 | D:3      | Reached XP level 4. HP: 28/37 MP: 5/5
  2551 | D:3      | Found a runed translucent door.
  2556 | D:3      | Noticed McKennaii's ghost (amateur DgWr)
  3066 | D:2      | Reached ** piety under Lugonu
  3417 | D:2      | Reached XP level 5. HP: 33/43 MP: 6/6
  3422 | D:2      | Reached skill level 1 in Stealth
  3778 | D:3      | Noticed a steam dragon
  3852 | D:4      | Found a transporter.
  4044 | D:4      | Found a transporter.
  4835 | D:5      | Entered Level 5 of the Dungeon
  4835 | D:5      | Noticed an ice beast
  4911 | D:5      | Noticed a necrophage
  4919 | D:4      | Found a radiant altar of Vehumet.
  4919 | D:4      | Found a basalt altar of Yredelemnul.
  4919 | D:4      | Found a sparkling altar of Nemelex Xobeh.
  4919 | D:4      | Found a shimmering blue altar of Sif Muna.
  4919 | D:4      | Found a hide-covered altar of Uskayaw.
  4919 | D:4      | Found a bloodstained altar of Trog.
  5134 | D:4      | Found a blossoming altar of Fedhas.
  5138 | D:4      | Found a stormy altar of Qazlal.
  5397 | D:5      | Noticed a centaur
  5403 | D:5      | Slain by a centaur

Illustrated notes

Levels and vault maps discovered:
D:1:      amcnicky_arrival_abandoned_market, layout_basic,
          chequers_ecumenical_altar_simple
D:2:      layout_rooms
D:3:      layout_rooms, ebering_ghost_reflecting_pool, patterned_corridor
D:4:      gammafunk_steamed_eel, layout_loops_corners,
          grunt_temple_overflow_forces_of_nature, grunt_temple_overflow_open
D:5:      layout_rooms, nicolae_ossuary_entry_false_entrances,
          uniq_prince_ribbit1

Skill      XL: |  1  2  3  4  5 |
---------------+----------------+-----
Dodging        | 1 |  1.7
Fighting       | 4 |  4.7
Armour         | 3 |  3.3
Axes           | 3 |  3.1
Stealth        | 1 |  1.2
Invocations    | |  2.3

Action                   |  1- 3 |  4- 6 || total
-------------------------+-------+-------++-------
Melee: Hand axe          |   140 |   144 ||   284
Throw: Dart              |    15 |    36 ||    51
Invok: Depart the Abyss  |     1 |       ||     1
 Abil: Dig               |       |     3 ||     3
  Use: Scroll            |     3 |     3 ||     6
       Potion            |     4 |     4 ||     8
Armor: Leather armour    |    44 |    31 ||    75
       Ring mail         |       |    14 ||    14
Dodge: Dodged            |   109 |   100 ||   209
